 Dungeon Crawl Stone Soup version 0.29.1-13-g9f3cf754e1 (webtiles) character file.

Game seed: 7035861159984207026

83 Heoruswealwe the Grave Robber (level 4, -1/21 (24) HPs)
             Began as a Deep Elf Necromancer on Feb 10, 2023.
             Slain by a necrophage (6 damage)
             ... on level 3 of the Dungeon.
             The game lasted 00:30:40 (2226 turns).

Heoruswealwe the Grave Robber (DENe)                Turns: 2226, Time: 00:30:40

HP:   -1/21 (24)    AC:  4    Str:  5    XL:     4   Next: 22%
MP:   11/11         EV: 13    Int: 22    God:
Gold: 152           SH:  0    Dex: 15    Spells: 6/10 levels left

rFire   . . .      SeeInvis .   g - +0 dagger
rCold   . . .      Faith    .   (no shield)
rNeg    . . .      Spirit   .   d - +0 robe
rPois   .          Reflect  .   (no helmet)
rElec   .          Harm     .   (no cloak)
rCorr   .          Rampage  .   y - +0 pair of gloves
Will    .....                   x - +0 pair of boots
Stlth   ++........              (no amulet)
HPRegen 0.07/turn               (no ring)
MPRegen 0.12/turn               (no ring)

@: heavily drained
A: no striking features
a: no special abilities


You were on level 3 of the Dungeon.
You visited 1 branch of the dungeon, and saw 3 of its levels.

You collected 152 gold pieces.

Inventory:

Hand Weapons
 e - a +0 short sword
 g - a +0 dagger (weapon)
 h - a +0 hand axe
 k - a +0 dagger
 m - a +0 club
 n - a +0 short sword
 o - a +0 dagger
 p - a +0 dagger
 v - a +0 dagger
 w - a +0 short sword
 z - a +0 dagger
 B - a +0 club
 C - a +0 whip
 D - a +0 halberd
 E - a +0 hand axe
 F - a +0 club
Missiles
 j - 27 stones
 A - a throwing net
 G - 5 atropa-tipped darts
Armour
 a - a +0 robe
 d - a +0 robe (worn)
 x - a +0 pair of boots (worn)
 y - a +0 pair of gloves (worn)
Scrolls
 f - 3 scrolls of enchant armour {unknown}
 i - a scroll of fear {unknown}
 q - 2 scrolls of noise {unknown}
 s - a scroll of amnesia {unknown}
 t - a scroll of teleportation {unknown}
 u - a scroll of vulnerability {unknown}
 J - a scroll of identify {unknown}
 K - a scroll of brand weapon {unknown}
 L - a scroll of blinking {unknown}
Potions
 b - 2 potions of magic
 c - 3 potions of flight {unknown}
 l - 3 potions of curing {unknown}
 r - a potion of degeneration {unknown}
 H - a potion of haste {unknown}
 I - a potion of ambrosia {unknown}
 M - a potion of lignification {unknown}
 N - a potion of heal wounds {unknown}


   Skills:
 + Level 0.2 Fighting
 + Level 0.2 Short Blades
 + Level 2.7 Dodging
 + Level 2.8 Stealth
 - Level 3.5 Spellcasting
 - Level 0.4 Conjurations
 - Level 0.6 Hexes
 - Level 0.2 Summonings
 - Level 5.0 Necromancy
 - Level 0.6 Translocations
 - Level 0.5 Transmutations
 - Level 1.0 Fire Magic
 - Level 0.2 Ice Magic
 - Level 0.6 Air Magic
 - Level 0.3 Earth Magic
 - Level 0.6 Poison Magic
 + Level 0.6 Invocations
 + Level 0.7 Evocations


You had 6 spell levels left.
You knew the following spells:

 Your Spells              Type           Power      Damage    Failure   Level
a - Necrotise             Necr           100%       1d9       1%          1
b - Vampiric Draining     Necr           26%        2d7       4%          3

Your spell library contained the following spells:

 Spells                   Type           Power      Damage    Failure   Level
 Animate Dead             Necr           26%        N/A       16%         4
 Agony                    Necr           26%        N/A       38%         5


Dungeon Overview and Level Annotations

Branches:
Dungeon (3/15)

Altars:
Gozag
Nemelex Xobeh
Okawaru
Trog
Uskayaw
Yredelemnul

Annotations:
D:3 3 runed translucent doors, MacCMillion's ghost, novice OpSu; P0WERM0DE's ghost, amateur PaIE


Message History

The necrophage hits you but does no damage.
You hit the necrophage.
The necrophage is heavily damaged.
The necrophage barely misses you.
You hit the necrophage but do no damage.
The necrophage is heavily damaged.
The necrophage completely misses you.
You hit the necrophage but do no damage.
The necrophage is heavily damaged.
The necrophage barely misses you.
You hit the necrophage.
The necrophage is severely damaged.
The necrophage misses you.
You hit the necrophage but do no damage.
The necrophage is severely damaged.
The necrophage hits you.
* * * LOW HITPOINT WARNING * * *
You closely miss the necrophage.
The necrophage is severely damaged.
The necrophage closely misses you.
You hit the necrophage but do no damage.
The necrophage is severely damaged.
The necrophage hits you but does no damage.
You barely miss the necrophage.
The necrophage is severely damaged.
The necrophage barely misses you.
You hit the necrophage.
The necrophage is severely damaged.
You barely miss the necrophage.
The necrophage is severely damaged.
The necrophage barely misses you.
You hit the necrophage.
The necrophage is almost destroyed.
The necrophage hits you.
* * * LOW HITPOINT WARNING * * *
You feel drained.
You hit the necrophage but do no damage.
The necrophage is almost destroyed.
The necrophage hits you.
You die...

##................##..
#..............#........
........................
..............#.#.......
................#.....#.
........................
...............######..#
....|..n......## ##..#
.......@......######....
.............#.......###
#.....#.....##.###...#
#############..###.#.#
##.....#....#.###
##..#####.........
###.................
#...#.######........
#####.....# #........


You could see a necrophage.

Vanquished Creatures
  3 gnolls (D:2)
  2 worms
  4 endoplasms
  2 giant cockroaches (D:2)
  3 goblins
  6 hobgoblins
  4 jackals (D:1)
  A quokka (D:1)
  3 ball pythons
  8 bats
  2 frilled lizards
  A kobold (D:1)
  3 rats
42 creatures vanquished.

Vanquished Creatures (collateral kills)
  2 kobolds
  A ball python (D:2)
  A rat (D:2)
4 creatures vanquished.

Grand Total: 46 creatures vanquished

Notes
Turn   | Place    | Note
-------+----------+-------------------------------------------
     0 | D:1      | Heoruswealwe the Deep Elf Necromancer began the quest for
                  | the Orb.
     0 | D:1      | Reached XP level 1. HP: 10/10 MP: 6/6
   169 | D:1      | Reached XP level 2. HP: 15/15 MP: 2/8
  1015 | D:2      | Reached XP level 3. HP: 19/19 MP: 5/9
  1212 | D:2      | Learned a level 3 spell: Vampiric Draining
  1359 | D:2      | Reached skill level 5 in Necromancy
  1446 | D:2      | Reached XP level 4. HP: 24/24 MP: 6/11
  1816 | D:3      | Found a runed translucent gate.
  1816 | D:3      | Found a runed translucent gate.
  1818 | D:3      | Found a runed translucent gate.
  1820 | D:3      | Noticed P0WERM0DE's ghost (amateur PaIE)
  1820 | D:3      | Noticed MacCMillion's ghost (novice OpSu)
  1939 | D:3      | Found a faded altar of an unknown god.
  1945 | D:3      | Prayed at the altar of an unknown god.
  1945 | D:3      | Became a worshipper of Nemelex Xobeh the Trickster
  1945 | D:3      | Reached * piety under Nemelex Xobeh
  1967 | D:3      | Reached skill level 1 in Fire Magic
  2117 | D:3      | Found an opulent altar of Gozag.
  2117 | D:3      | Found an iron altar of Okawaru.
  2125 | D:3      | Found a faded altar of an unknown god.
  2136 | D:3      | Found a basalt altar of Yredelemnul.
  2138 | D:3      | Found a hide-covered altar of Uskayaw.
  2164 | D:3      | Prayed at the altar of an unknown god.
  2164 | D:3      | Fell from the grace of Nemelex Xobeh
  2164 | D:3      | Became a worshipper of Trog the Wrathful
  2164 | D:3      | Reached * piety under Trog
  2166 | D:3      | Fell from the grace of Trog
  2192 | D:3      | Noticed a necrophage
  2226 | D:3      | Slain by a necrophage

Illustrated notes

Levels and vault maps discovered:
D:1:      matt_arrival_diagonals, layout_basic, chequers_decorated_corner,
          interstate_on_off
D:2:      layout_loops_ring, minmay_pentomino_q2
D:3:      layout_rooms, chequers_temple_overflow_minitemple,
          basic_ecumenical_altar, gammafunk_ghost_cemetery

Skill      XL: |  1  2  3  4 |
---------------+-------------+-----
Necromancy     | 5 |  5.0
Fire Magic     | 1 |  1.0
Fighting       | |  0.2
Short Blades   | |  0.2
Dodging        | |  2.7
Stealth        | |  2.8
Spellcasting   | |  3.5
Conjurations   | |  0.4
Hexes          | |  0.6
Summonings     | |  0.2
Translocations | |  0.6
Transmutations | |  0.5
Ice Magic      | |  0.2
Air Magic      | |  0.6
Earth Magic    | |  0.3
Poison Magic   | |  0.6
Invocations    | |  0.6
Evocations     | |  0.7

Action                   |  1- 3 |  4- 6 || total
-------------------------+-------+-------++-------
Melee: Dagger            |       |    22 ||    22
 Cast: Necrotise         |    53 |    15 ||    68
       Vampiric Draining |     1 |     3 ||     4
Invok: Renounce Religion |       |     1 ||     1
Armor: Robe              |     1 |     2 ||     3
Dodge: Dodged            |     8 |    13 ||    21
